 Dungeon Crawl Stone Soup version 0.30-a0-2-gf48d83f5e2 (webtiles) character file.

Game seed: 15673106818925194686

352 jt the Ruffian (level 6, -3/53 HPs)
             Began as a Troll Hedge Wizard on Aug 19, 2022.
             Was a Believer of Fedhas.
             Slain by an iguana (5 damage)
             ... on level 4 of the Dungeon.
             The game lasted 00:06:53 (3210 turns).

jt the Ruffian (Troll Hedge Wizard)                 Turns: 3210, Time: 00:06:55

Health: -3/53      AC:  5    Str: 21    XL:     6   Next: 34%
Magic:  8/8        EV:  9    Int: 10    God:    Fedhas [**....]
Gold:   133        SH:  0    Dex:  9    Spells: 1/9 levels left

rFire   + . .      SeeInvis .      - Unarmed
rCold   + . .      Faith    .    (no shield)
rNeg    . . .      Spirit   .    b - +0 robe
rPois   +          Reflect  .    c - +0 hat
rElec   +          Harm     .    v - +0 cloak
rCorr   +          Rampage  .    (gloves unavailable)
Will    .....                    (boots unavailable)
Stlth   +.........               (no amulet)
HPRegen 0.97/turn                (no ring)
MPRegen 0.11/turn                (no ring)

@: resistant, weak-willed
A: large, unfitting armour, claws 3, regeneration 1, shaggy fur 1, tough skin 1
a: Renounce Religion, Wall of Briars


You were on level 4 of the Dungeon.
You worshipped Fedhas.
Fedhas was pleased with you.
You visited 1 branch of the dungeon, and saw 4 of its levels.

You collected 133 gold pieces.

Inventory:

Hand Weapons
 a - a +0 dagger
 e - a +0 spear
 k - a +2 hand axe of venom
 l - a +0 morningstar
 r - a +0 flail
Missiles
 f - 47 stones
 p - 2 poisoned darts
 t - a boomerang
Armour
 b - a +0 robe (worn)
 c - a +0 hat (worn)
 v - a +0 cloak (worn)
Wands
 x - a wand of polymorph (7)
Scrolls
 g - a scroll of immolation
 i - 2 scrolls of teleportation
Potions
 d - a potion of magic
 h - a potion of invisibility {unknown}
 j - a potion of resistance
 m - 2 potions of brilliance
 n - 3 potions of might {unknown}
 o - a potion of lignification
 s - a potion of haste


   Skills:
 - Level 1.5 Dodging
 - Level 1.0 Stealth
 + Level 6.4 Unarmed Combat
 - Level 2.0 Spellcasting
 - Level 0.6 Conjurations
 - Level 0.6 Summonings
 - Level 0.6 Translocations


You had one spell level left.
You knew the following spells:

 Your Spells              Type           Power      Damage    Failure   Level
a - Magic Dart            Conj           8%         1d3       24%         1
b - Blink                 Tloc           4%         N/A       36%         2
c - Call Imp              Summ           2%         N/A       36%         2
d - Mephitic Cloud        Conj/Pois/Air  1%         N/A       65%         3

Your spell library contained the following spells:

 Spells                   Type           Power      Damage    Failure   Level
 Slow                     Hex            4%         N/A       30%         1
 Conjure Flame            Conj/Fire      1%         6-21      63%         3


Dungeon Overview and Level Annotations

Branches:
Dungeon (4/15)
 Temple: D:4-7

Altars:
Ashenzari
Fedhas
Kikubaaqudgha

Shops:
D:3 ===


Innate Abilities, Weirdness & Mutations

You are too large for most types of armour.
You have claws for hands.
Your natural rate of healing is unusually fast.
You are covered in fur. (AC +1)
You have tough skin. (AC +1)


Message History

Edmund breathes steam at you. The ball of steam hits you. You resist.
The ball python bites you.
The iguana bites you but does no damage.
You hear a shout!
You claw Edmund!
Edmund is almost dead.
Edmund bites you but does no damage. Edmund claws you.
The ball python bites you but does no damage.
The iguana bites you!
Your magical contamination has completely faded away.
Unknown command.
You barely miss Edmund.
Edmund is almost dead.
The ball python bites you. Edmund misses you. Edmund claws you.
Unknown command.
You feel better. The iguana bites you!
The ball python bites you but does no damage.
Edmund bites you!
* * * LOW HITPOINT WARNING * * *
Edmund claws you.
* * * LOW HITPOINT WARNING * * *
You claw Edmund!
You kill Edmund!
Fedhas appreciates your contribution to the ecosystem.
You can now encircle yourself with summoned briar patches.
Edmund returns to his original shape as he dies.
A goblin comes into view. It is wielding a +0 dagger.
The iguana bites you.
* * * LOW HITPOINT WARNING * * *
The ball python closely misses you.
Your Unarmed Combat skill increases to level 6!
You have reached level 6!
You feel stronger.
As you read the scroll labelled DOKIAM PE YLA, it crumbles to dust.
You hear a loud clanging noise!
It was a scroll of noise.
The ball python bites you but does no damage.
The iguana bites you.
You die...
Fedhas appreciates your contribution to the ecosystem.

....... .....g.
...... ...). # ...#
# ##...# # #S†.#
##@l.# ######....#
#....§....#
###.......#
##>.....##
##......###########
#................##
#...............>.##
#......#########....


You could see an iguana, a goblin and a ball python.

Vanquished Creatures
  A steam dragon (D:4)
  Jessica (D:2)
  Terence (D:3)
  Robin (D:2)
  3 gnolls (D:3)
  An adder (D:2)
  A worm (D:2)
  5 dart slugs
  3 orcs (D:3)
  13 ball pythons
  5 endoplasms
  4 giant cockroaches
  11 goblins
  12 hobgoblins
  4 jackals (D:1)
  7 quokkas
  8 bats
  5 frilled lizards
  6 kobolds
  8 rats
100 creatures vanquished.

Vanquished Creatures (others)
  A plant (D:1)
1 creature vanquished.

Grand Total: 101 creatures vanquished

Notes
Turn   | Place    | Note
-------+----------+-------------------------------------------
     0 | D:1      | jt the Troll Hedge Wizard began the quest for the Orb.
     0 | D:1      | Reached XP level 1. HP: 16/16 MP: 2/2
    51 | D:1      | Reached skill level 1 in Unarmed Combat
   145 | D:1      | Reached XP level 2. HP: 24/24 MP: 4/4
   358 | D:1      | Reached skill level 2 in Unarmed Combat
   458 | D:1      | Reached XP level 3. HP: 31/31 MP: 3/5
   736 | D:1      | Reached skill level 3 in Unarmed Combat
   926 | D:2      | Identified the +0 leather armour of the Falcon {rF- rCorr
                  | Int+4}
   968 | D:2      | Noticed Robin
  1368 | D:2      | Noticed Jessica
  1371 | D:2      | Killed Jessica
  1372 | D:2      | Reached skill level 4 in Unarmed Combat
  1372 | D:2      | Reached XP level 4. HP: 36/39 MP: 0/6
  1525 | D:2      | Killed Robin
  2152 | D:3      | Found a broken altar of Ashenzari.
  2160 | D:3      | Found a faded altar of an unknown god.
  2176 | D:3      | HP: 1/39 [quokka (4)]
  2187 | D:3      | Reached XP level 5. HP: 25/45 MP: 4/7
  2279 | D:3      | Prayed at the altar of an unknown god.
  2279 | D:3      | Became a worshipper of Fedhas Madash
  2279 | D:3      | Reached * piety under Fedhas
  2331 | D:3      | Found Xutuv's Jewellery Shop.
  2389 | D:3      | Learned a level 2 spell: Blink
  2392 | D:3      | Learned a level 2 spell: Call Imp
  2396 | D:3      | Learned a level 3 spell: Mephitic Cloud
  2445 | D:3      | Found Cizatse's Jewellery Shoppe.
  2542 | D:3      | Found Vasouluh's Jewellery Shoppe.
  2719 | D:3      | Noticed Terence
  2722 | D:3      | Killed Terence
  2723 | D:3      | Reached skill level 5 in Unarmed Combat
  2995 | D:3      | Found an ancient bone altar of Kikubaaqudgha.
  3195 | D:4      | Noticed Edmund
  3197 | D:4      | Noticed Edmund
  3197 | D:4      | Edmund changed into Edmund the steam dragon
  3209 | D:4      | Killed Edmund the steam dragon
  3209 | D:4      | Reached ** piety under Fedhas
  3209 | D:4      | HP: 1/45 [iguana (6)]
  3210 | D:4      | Reached skill level 6 in Unarmed Combat
  3210 | D:4      | Reached XP level 6. HP: 2/53 MP: 8/8
  3210 | D:4      | Slain by an iguana

Illustrated notes

Levels and vault maps discovered:
D:1:      dpeg_arrival_lava_temple_mockup, layout_rooms, minivault_5,
          serial_bayou_ford_a
D:2:      layout_basic, serial_glass, glass_columns_a, glass_columns_b,
          minmay_pentomino_w2, uniq_robin, uniq_jessica
D:3:      layout_basic, lemuel_crystal_altar, evilmike_ruin_ashenzari,
          serial_shops, nicolae_shop_hallway_stairs, shop_fountains, shop,
          dreamdust_ecumenical_altar_statues, uniq_terence
D:4:      layout_layer_cave, overflow_temple_1_default, uniq_edmund

Skill      XL: |  1  2  3  4  5 |
---------------+----------------+-----
Unarmed Combat | 1 2 4 6 |  6.4
Dodging        | |  1.5
Stealth        | |  1.0
Spellcasting   | |  2.0
Conjurations   | |  0.6
Summonings     | |  0.6
Translocations | |  0.6

Action                   |  1- 3 |  4- 6 || total
-------------------------+-------+-------++-------
Melee: Spear             |   102 |       ||   102
       Punch             |     2 |     3 ||     5
       Unarmed           |    39 |   104 ||   143
 Cast: Magic Dart        |    26 |    26 ||    52
Evoke: Wand              |       |     1 ||     1
  Use: Scroll            |     1 |     6 ||     7
       Potion            |       |     5 ||     5
 Stab: Sleeping          |     1 |     1 ||     2
Armor: Robe              |    43 |    36 ||    79
       Skin              |       |     1 ||     1
Dodge: Dodged            |    67 |    44 ||   111

Table legend: (Time is in decaauts)
 A = Elapsed time spent in this place.
 B = Non-inter-level travel time spent in this place.
 C = Inter-level travel time spent in this place.
 D = Time resting spent in this place.
 E = Time spent auto-exploring this place.
 F = Levels seen in this place.
 G = Mean time per level.
                   A        B        C        D        E       F      G
               +--------+--------+--------+--------+--------+-----+--------+
         Total |   3187 |   3009 |    178 |     97 |   2088 |   4 |  796.8 |
       Dungeon |   3187 |   3009 |    178 |     97 |   2088 |   4 |  796.8 |
               +--------+--------+--------+--------+--------+-----+--------+

Top non-repeatable levels by time:
     D:2: 1097 daAuts
     D:1: 996 daAuts
     D:3: 978 daAuts
     D:4: 116 daAuts
